Unix NetHack Version 3.7.0-97 Work-in-progress - last build Feb 9 2024 02:06:40 (6d6cdf8371b60126770a3d7b88910941cb14a054,branch:master). Game began 2024-02-25 12:49:54, ended 2024-03-09 23:17:29. Cloudmillion, lawful female human Valkyrie ----------- -------------------- 0.<[.|..... H H.. H@ . &.@ . &f...| R -----.|.|.| ------------------.- S |...|...|.| ---------------------|.. w~ A |.|.---.|.|.||.!.E. @.&&&..| &...||-- H ~ ~ |.|...|.|.|.||.^.aqE. .& X&-)&.2.||.H @ ~~ @ |.|--.|.|.|.||---&------------..!|--- |.|..0|.|.|.||&&. &|.[..?....|-)---------------------------------- |.---.---.|.||.B---| ....... |...................................|----- |...|.....|.|| .|.).&^.......|&..&..^...........^................-....| |--.|--.----||. |. |&..^).>..|.^.@...............................|---.| |...|...|...|| |..|.......&.|-.----------------------------------|...| |%-------.|.||..| .-----------...|---------------- --------|%--------- |.|.......|.||. ) u.......|.....||$..|........... |......*|.)..0|...| |.|.-------.----------------------|.|.|.-------.------- ---.-----.|----)|.|.| |.|...|.|.........|......*........|.|&|.|../..|..^|0).| |...|0.u..|...|...|.| |.---.|.|.---------.---.-----------.|.|.-----.---%|.|.---.--|.-----.|.-----.| |..*....|?.. .........|$..&...*.&...|...%.......|...|.......|......0|.......| ----------------------------------------------------------------------------- Cloudmillion the Warrior St:25 Dx:17 Co:15 In:9 Wi:17 Ch:10 Lawful Dlvl:36 $:716 HP:0(151) Pw:25(25) AC:-24 Xp:17 Hungry Burdened Blind Stun T:30669 Latest messages: The horned devil misses! The invisible Asmodeus vanishes and reappears next to you. The invisible Asmodeus hits! Please move the cursor to an unknown object. (For instructions type a '?') You hit the invisible Asmodeus. The invisible Asmodeus vanishes and reappears farther away. The gas cloud around you dissipates. The ryoshu turns into an Aleax! It misses. The invisible Asmodeus vanishes and reappears next to you. The invisible Asmodeus hits! The invisible Asmodeus knocks you backward with a forceful strike! You hear a distant zap. An invisible stalker suddenly appears! The invisible Asmodeus vanishes and reappears next to you. The invisible Asmodeus hits! The invisible Asmodeus vanishes and reappears next to you. The invisible Asmodeus hits! You hear a mumbled curse. What do you want to zap? [deptA-CGKLSU-WY or ?*] L In what direction? 1 The death ray hits the invisible Asmodeus. The invisible Asmodeus vanishes and reappears next to you. The invisible Asmodeus hits! The invisible Asmodeus knocks you backward with a powerful strike! Ouch! Valkyrie, all your powers will be lost... You stagger... The invisible Asmodeus vanishes and reappears next to you. The invisible Asmodeus hits! You hear a mumbled curse. The frost giant disappears! Something stinks. You hear a distant zap. An invisible stalker suddenly appears! The invisible Asmodeus vanishes and reappears next to you. The invisible Asmodeus hits! You hear a mumbled curse. What do you want to use or apply? [d-fijo-qtxA-CGJ-LNP-SU-Y or ?*] Q In what direction? 4 The invisible Asmodeus vanishes and reappears next to you. The invisible Asmodeus hits! You die... Do you want your possessions identified? [ynq] (y) y Do you want to see your attributes? [ynq] (y) y Do you want an account of creatures vanquished? [ynaq] (y) y Do you want a list of species genocided and extinct? [ynaq] (y) y Do you want to see your conduct and achievements? [ynq] (y) y Do you want to see the dungeon overview? [ynq] (y) y Inventory: Coins $ - 716 gold pieces Amulets D - an uncursed amulet of guarding (being worn) T - the Amulet of Yendor Weapons H - a +4 long sword (weapon in right hand) k - a +1 silver saber Armor v - a cursed rustproof +0 helm of caution (being worn) E - a blessed rustproof +2 pair of gauntlets of power (being worn) l - a blessed fireproof +2 pair of speed boots (being worn) Z - a blessed +2 shield of reflection (being worn) F - a blessed fireproof +2 cloak of protection (being worn) g - a blessed +4 gray dragon scale mail (being worn) Comestibles M - 3 uncursed food rations w - an uncursed lizard corpse Rings c - an uncursed ring of free action (on left hand) m - an uncursed ring of levitation O - an uncursed ring of shock resistance b - a blessed ring of teleport control named Tele control Wands G - a blessed wand of cancellation named CANCEL (0:3) V - a wand of cold (0:7) S - a wand of cold (0:5) K - a wand of cold (0:3) L - a blessed wand of death (0:2) B - a wand of death (0:0) Y - a wand of digging (0:6) C - a cursed wand of digging (0:0) e - a wand of fire (0:3) t - a wand of lightning (0:3) d - a wand of lightning (0:0) W - a wand of magic missile (0:0) A - a wand of sleep (0:4) p - a wand of speed monster (0:6) U - a cursed wand of teleportation (0:4) Tools x - a blessed greased bag of holding containing 51 items R - an uncursed sack containing 13 items P - a cursed bugle j - a cursed fire horn (0:0) J - a cursed magic harp (0:3) o - an uncursed blindfold N - an uncursed brass lantern Q - a cursed expensive camera (0:44) i - a magic marker (0:49) X - the blessed Orb of Fate (0:5) f - an uncursed skeleton key q - a blessed +0 unicorn horn Contents of the bag of holding: 5795 gold pieces an uncursed amulet of reflection an uncursed sprig of wolfsbane an uncursed tripe ration a blessed scroll of blank paper a cursed scroll of blank paper a blessed scroll of charging an uncursed scroll of charging a blessed scroll of earth an uncursed scroll of earth a blessed scroll of fire an uncursed scroll of fire 2 uncursed scrolls of gold detection an uncursed scroll of identify a blessed scroll of magic mapping 5 blessed scrolls of remove curse an uncursed scroll of stinking cloud an uncursed potion of acid a cursed potion of booze a blessed potion of gain ability an uncursed potion of restore ability a blessed potion of see invisible an uncursed potion of see invisible 8 potions of holy water 4 uncursed potions of water an uncursed ring of conflict an uncursed ring of fire resistance an uncursed ring of fire resistance an uncursed ring of levitation an uncursed ring of poison resistance an uncursed ring of polymorph control an uncursed +5 ring of protection a cursed -3 ring of protection an uncursed ring of see invisible an uncursed ring of shock resistance an uncursed ring of slow digestion a cursed ring of stealth an uncursed ring of sustain ability a wand of digging (0:8) a wand of wishing (1:0) a blessed magic marker (0:75) a magic marker (0:99) a magic marker (1:19) 3 uncursed amethyst stones 2 uncursed jade stones an uncursed obsidian stone 2 uncursed worthless pieces of black glass 2 uncursed worthless pieces of blue glass an uncursed worthless piece of green glass 2 uncursed worthless pieces of violet glass an uncursed worthless piece of white glass Contents of the sack: a wand of cold (0:1) a wand of create monster (0:12) a wand of digging (0:7) a wand of digging (0:3) a wand of magic missile (0:5) a wand of magic missile (1:2) a wand of make invisible (0:4) a cursed wand of make invisible named make invisible (0:2) a wand of polymorph named polymorph! (0:5) a wand of secret door detection (0:13) a wand of teleportation named teleport (0:4) a wand of undead turning (1:15) a wand of undead turning (1:6) Cloudmillion the Valkyrie's attributes: Background: You were a Warrior, a level 17 human Valkyrie. You were lawful, on a mission for Tyr who was opposed by Odin (neutral) and Loki (chaotic). You were right-handed. You were in Gehennom, on level 36. You entered the dungeon 30669 turns ago. It was nighttime. There was a new moon in effect when your adventure ended. You had 1075635 experience points, 204365 more were needed to attain level 18. Basics: You had 0 out of 151 hit points. You had all 25 energy points (spell power). Your armor class was -24. Your wallet contained 716 zorkmids, and you had 5795 more stashed away in your pack. Autopickup was off. Final Characteristics: Your strength was 25 (base:18/09, peak:18/13, innate limit:18/100). Your dexterity was 17 (limit:18). Your constitution was 15 (peak:18, limit:18). Your intelligence was 9 (limit:18). Your wisdom was 17 (limit:18). Your charisma was 10 (limit:18). Final Status: You were stunned. You were temporarily blind. You were hungry. You were burdened; movement was slightly slowed. You were wielding a long sword. You had expert skill with long sword. Final Attributes: You were piously aligned. You were magic-protected. You were fire resistant. You were cold resistant. You were sleep resistant. You were disintegration resistant. You were telepathic. You were warned. You were invisible. You were stealthy. You had a small defense bonus (+5). You were protected. You took half physical damage. You took half spell damage. You were very fast. You had reflection. You had free action. You were lucky. You had extra luck. Good luck did not time out for you. You are dead (6th time!). Miscellaneous: You encountered 2 bones levels. Total elapsed playing time was 6 hours, 50 minutes and 42 seconds. Major events: Turn 1: Cloudmillion the lawful human Valkyrie entered the dungeon 1207: attained the rank of Skirmisher (level 3) 2189: entered the Gnomish Mines 2222: attained the rank of Fighter (level 6) 2451: reached Mine Town 4558: entered Sokoban 4818: completed 1st Sokoban level 5196: completed 2nd Sokoban level 5479: completed 3rd Sokoban level 6308: completed 4th Sokoban level 6790: averted death (killed by a troll) 6924: averted death (killed by a magic missile zapped by a Grey-elf) 7120: destroyed ChefGraham's ghost, the former Fighter 8009: attained the rank of Woman-at-arms (level 10) 8365: made her first wish - "+2 blessed shield of reflection", got "a polished silver shield" 8820: acquired the Sokoban amulet of reflection 9004: had Excalibur thrown at them by some watery tart 10578: wished for "blessed magic marker", got "a magic marker" 10595: wished for "+2 blessed fireproof greased speedboots", got "a greased pair of hiking boots" 11008: performed her first genocide (disenchanters) 13487: found Demonbane on the floor 13876: killed Medusa 16002: wished for "2 blessed potions of gain level", got "2 cloudy potions" 16004: attained the rank of Warrior (level 14) 16032: wished for "+2 blessed greased fireproof cloak of protection", got "a greased ornamental cope" 16370: found the Orb of Fate on the floor 16372: killed Lord Surtur 16373: acquired the Bell of Opening 16760: wished for "+2 blessed rustproof gauntlets of power", got "a pair of fencing gloves" 17479: wished for "blessed amulet of life saving", got "an amulet of life saving" 17587: wished for "blessed wand of cancellation", got "a platinum wand" 17946: entered Gehennom 18103: genocided class h 18107: genocided class L 19555: killed Juiblex 19984: killed Baalzebub 23608: wished for "blessed magic marker", got "a magic marker" 24382: wished for "blessed ring of teleport control", got "an iron ring" 25516: wished for "partly eaten chickatrice corpse", got "a partly eaten chickatrice corpse" 25518: killed Yeenoghu 25520: killed Orcus 26250: destroyed Vlad the Impaler 26252: acquired the Candelabrum of Invocation 27254: wished for "blessed wand of death", got "a wand of death" 27828: killed the Wizard of Yendor 27829: killed the Wizard of Yendor (2nd time) 27832: acquired the Book of the Dead 27861: killed Geryon 27907: performed the invocation 28153: averted death (killed by a stone golem) 28254: averted death (killed by an iron golem) 28309: killed the high priestess of Moloch 28312: acquired The Amulet of Yendor 28750: killed the Wizard of Yendor (3rd time) 29321: averted death (killed by a sandestin imitating an iron golem) 30633: killed the Wizard of Yendor (5th time) 30669: killed by invisible Asmodeus Vanquished creatures: Baalzebub Geryon Orcus Yeenoghu Juiblex the Wizard of Yendor (5 times) Vlad the Impaler a high cleric 4 mastodons Medusa 6 iron golems 4 storm giants 2 glass golems 8 balrogs 5 purple worms a gray dragon 5 silver dragons 3 red dragons 2 white dragons an orange dragon 3 black dragons 2 green dragons a yellow dragon 22 minotaurs a jabberwock Lord Surtur 8 baluchitheria 6 stone golems 3 Olog-hai 3 Nazgul 10 pit fiends 5 sandestins 10 hell hounds 2 displacer beasts 7 titanotheres 3 trappers 2 baby red dragons 2 guardian nagas 2 genetic engineers 27 vampire leaders 9 skeletons 8 aligned clerics 6 captains 5 shades 4 liches 3 clay golems 9 nurses 12 ice devils 10 nalfeshnees 2 lurkers above 3 frost giants 4 ettins a golden naga 2 black puddings 23 vampires 9 lieutenants 30 ghosts a queen bee a winged gargoyle 10 giant mimics 5 long worms 10 zruties 22 fire giants 6 ogre tyrants 14 ice trolls 7 rock trolls 4 umber hulks 5 flesh golems 3 elven monarchs a doppelganger 15 hezrous 21 bone devils 6 large mimics 2 wumpuses 9 fire vortices 8 stalkers 6 air elementals 12 fire elementals 9 earth elementals 3 water elementals 5 hill giants 5 giant mummies 9 xorns 21 giant zombies 3 elf-nobles 17 sergeants 2 water demons 4 barbed devils 13 vrocks 4 salamanders 8 wargs a winter wolf 10 hell hound pups 15 small mimics 3 glass piercers 5 warhorses 7 steam vortices 10 xans 2 ettin mummies 7 ogre leaders 6 quantum mechanics 23 trolls 2 wood golems an erinys 7 mariliths 8 gelatinous cubes 12 pyrolisks a large dog 13 flaming spheres 5 shocking spheres 3 large cats 6 tigers 5 gargoyles a tengu 5 ochre jellies 8 leocrottas 5 energy vortices a mountain centaur 4 stone giants 5 elf mummies a human mummy 5 red nagas 3 green slimes 2 pythons 3 cobras 42 wraiths 3 carnivorous apes 14 ettin zombies 2 leather golems 15 Grey-elves 79 soldiers 8 amorous demons 11 horned devils 5 chameleons 2 crocodiles 8 giant beetles a quivering blob 13 cockatrices 4 wolves 2 lynxes a panther 8 gremlins 3 leprechauns 9 orc-captains 2 iron piercers a mumak 23 giant spiders 9 scorpions 8 horses 10 black lights 6 vampire bats 4 forest centaurs 2 gnome rulers 2 orc mummies 4 dwarf mummies 2 ogres 4 brown puddings 12 rust monsters 8 owlbears 5 yetis a gold golem 2 werewolves 7 Green-elves 7 lizards 2 chickatrices 2 dingoes 2 dogs a housecat 2 jaguars a blue jelly 2 gray unicorns a black unicorn 3 dust vortices 11 ravens a plains centaur 4 gnome mummies 3 snakes 5 water moccasins 4 apes 11 human zombies 3 rope golems 10 Woodland-elves 9 soldier ants 60 fire ants 10 bugbears a lemure 6 quasits 3 wood nymphs 5 water nymphs 2 mountain nymphs 9 Mordor orcs 4 Uruk-hai 6 orc shamans 4 rock piercers a rock mole 6 ponies 10 yellow lights 6 violet fungi 8 gnome leaders 2 kobold mummies a barrow wight 10 elf zombies 11 ghouls 2 straw golems a paper golem a jellyfish 24 giant ants 7 floating eyes 3 kittens a dwarf 2 kobold leaders 2 kobold shamans 33 hill orcs 10 rothes a centipede 4 giant bats 14 orc zombies 7 dwarf zombies 3 wererats 2 werejackals 9 iguanas 18 killer bees 3 acid blobs a gas spore a hobbit 5 manes a large kobold 18 hobgoblins 2 giant rats a cave spider a yellow mold a red mold 26 gnomes 4 garter snakes 14 gnome zombies 8 geckos a jackal a fox 2 kobolds 9 goblins 4 sewer rats 2 grid bugs 5 lichens 3 kobold zombies 2 newts 1630 creatures vanquished. Genocided or extinct species: arch-liches master liches demiliches master mind flayers disenchanters liches mind flayers erinyes (extinct) dwarf rulers dwarf leaders bugbears dwarves hobbits 12 species genocided. 1 species extinct. Voluntary challenges: You read items or engraved 105 times. You never engraved Elbereth. You genocided 12 types of monsters. You never changed form. You used 12 wishes. You did not wish for any artifacts. You did not violate any of the special Sokoban rules. Achievements: You attained the rank of Skirmisher. You entered a shop. You entered the Gnomish Mines. You attained the rank of Fighter. You entered Minetown. You entered Sokoban. You attained the rank of Woman-at-arms. You completed Sokoban. You entered a temple. You defeated Medusa. You attained the rank of Warrior. You handled the Bell of Opening. You entered Gehennom. You handled the Candelabrum of Invocation. You handled the Book of the Dead. You gained access to Moloch's Sanctum. You had the Amulet of Yendor. The Dungeons of Doom: levels 1 to 29 Level 1: Level 2: Level 3: Stairs down to The Gnomish Mines. Level 4: Level 5: Final resting place for Cloudmillion-Val-Hum-Fem-Law, killed by an acid blob, Cloudmillion-Val-Hum-Fem-Law, killed by a rabid rat. Level 6: Level 7: Level 8: A fountain. Level 9: Many fountains. Oracle of Delphi. Final resting place for ChefGraham-Val-Hum-Fem-Law, killed by a forest centaur, while praying. Level 10: Stairs up to Sokoban, level 9. Level 11: A grave. Level 12: An altar to Tyr, a grave. Level 13: A temple and some altars, a fountain, some sinks. Level 14: Level 15: A primitive area. Portal to The Quest. Level 16: A fountain. Level 17: An altar. Level 18: A sink. Level 19: Level 20: A grave. Level 21: Level 22: Level 23: Level 24: "Next up: Purple H" Many altars. Level 25: Level 26: Level 27: Level 28: Level 29: A fountain. Connection to Gehennom. Gehennom: levels 30 to 53 Level 30: A temple and an altar, many graves. Valley of the Dead. Level 31: Level 32: Level 33: Level 34: Many fountains. Level 35: Level 36: <- You were here. Final resting place for you, killed by invisible Asmodeus. Level 37: Level 38: Level 39: Level 40: An altar, many graves. Level 41: Stairs up to Vlad's Tower, level 40. Level 42: Level 43: Level 44: Level 45: Level 46: Level 47: Level 48: Level 49: Level 50: Level 51: Level 52: Level 53: A temple and an altar, many graves. Moloch's Sanctum. The Gnomish Mines: levels 4 to 6 Level 4: Level 5: Level 6: An altar to Tyr, a fountain. The Quest: levels 1 to 6 Level 1: A fountain. Completed quest for the Norn. Level 2: Level 3: Level 4: Level 5: Level 6: Sokoban: levels 9 up to 6 Level 6: Solved. Level 7: Solved. Level 8: Solved. Level 9: Solved. Vlad's Tower: levels 40 up to 38 Level 38: Level 39: Level 40: Game over: ---------- / \ / REST \ / IN \ / PEACE \ / \ | Cloudmillion | | 6511 Au | | killed by | | invisible | | Asmodeus | | | | 2024 | *| * * * | * _________)/\\_//(\/(/\)/\//\/|_)_______ Farvel Cloudmillion the Valkyrie... You died in Gehennom on dungeon level 36 with 1111164 points, and 6511 pieces of gold, after 30669 moves. You were level 17 with a maximum of 151 hit points when you died.